 Dungeon Crawl Stone Soup version 0.14-a0-2759-g5bb4bfe (webtiles) character file.

220 MackTheKnife the Ruffian (level 4, -1/35 (38) HPs)
             Began as a Ghoul Monk on Feb 23, 2014.
             Slain by a gnoll
             ... wielding a +0,+0 halberd
              (11 damage)
             ... on Level 3 of the Dungeon.
             The game lasted 00:02:41 (1714 turns).

MackTheKnife the Ruffian (Ghoul Monk)               Turns: 1714, Time: 00:02:42

HP  -1/35 (38)   AC  3     Str 14      XL: 4   Next: 51%
MP   3/3         EV 12     Int  5      God:
Gold 133         SH  0     Dex 12      Spells:  0 memorised,  3 levels left

rFire  . . .     SeeInvis .       - Unarmed
rCold  + . .     Clarity  .     a - +0 robe
rNeg   + + +     Conserve .     (no shield)
rPois  +         rCorr    .     (no helmet)
rElec  .         rRot     +     j - +0 cloak
SustAb . .       Spirit   .     (no gloves)
rMut   .         Warding  .     (no boots)
Saprov + + +     Stasis   .     (no amulet)
MR     +....                    (no ring)
                                p - ring of protection from magic

@: rotting, somewhat resistant to hostile enchantments, fairly stealthy
A: rotting body, claws 1, carnivore 3, cold resistance 1, life protection 3,
poison resistance, saprovore 3, slow healing 1, torment resistance, unbreathing
a: no special abilities


You were on level 3 of the Dungeon.
You were not hungry.

You visited 1 branch of the dungeon, and saw 3 of its levels.

You collected 133 gold pieces.


Innate Abilities, Weirdness & Mutations

Your body is rotting away.
You have sharp fingernails.
You are carnivorous and can eat meat at any time.
Your flesh is cold resistant.
You are immune to negative energy.
Your system is resistant to poisons.
You thrive on rotten meat.
You heal slowly when monsters are visible.
You are immune to unholy pain and torment.
You can survive without breathing.


   Skills:
 - Level 3.2 Fighting
 - Level 2.6 Dodging
 - Level 2.1 Stealth
 + Level 6.4 Unarmed Combat


You had 3 spell levels left.
You didn't know any spells.

Inventory:

Armour
 a - a +0 robe (worn)
 j - a +0 cloak (worn)
Comestibles
 l - a meat ration
Scrolls
 b - 2 scrolls of teleportation {unknown}
 c - 4 scrolls of remove curse {unknown}
 g - a scroll of amnesia {unknown}
 i - 2 scrolls of identify
 k - a scroll of magic mapping {unknown}
 n - 2 scrolls of blinking {unknown}
Jewellery
 p - a ring of protection from magic (left claw)
Potions
 d - a potion of confusion {unknown}
 e - 3 potions of curing {unknown}
 f - a potion of heal wounds {unknown}
 m - 2 potions of lignification {unknown}
 q - a potion of mutation {unknown}
Magical staves
 h - an uncursed staff of poison

▒·▒ ▒·▒ ▒·▒
▒·▒ ▒·▒ ▒·▒
▒·▒ ▒·▒ ▒·▒
▒·▒ ▒·▒ ▒·▒
▒·▒ ▒·▒ ▒>▒
▒·▒
▒·▒▒▒▒▒n▒
▒·▒···)g▒
▒···gg··▒
▒▒·▒·····▒
▒··▒·····▒
▒··········
▒·▒▒·····▒▒·
▒·▒▒▒▒▒▒▒▒
▒g▒


You could see 3 gnolls.


Message History

A gnoll is nearby!
A gnoll is nearby!
A goblin and a gnoll come into view.
The gnoll moves out of view.
A gnoll comes into view. It is wielding a club.
The gnoll shouts!
You feel your flesh rotting away.
The gnoll hits you from afar with a halberd.
A gnoll comes into view. It is wielding a halberd.
The gnoll shouts!
You closely miss the gnoll. The gnoll hits you with a halberd!
* * * LOW HITPOINT WARNING * * *
You claw the gnoll!
The gnoll is severely wounded.
The gnoll hits you with a halberd.
* * * LOW HITPOINT WARNING * * *
You hit the gnoll.
The gnoll is severely wounded.
The gnoll hits you with a club.
* * * LOW HITPOINT WARNING * * *
The gnoll barely misses you.
You closely miss the gnoll.
The gnoll is severely wounded.
The gnoll misses you.
You hit the gnoll.
You kill the gnoll!
The gnoll barely misses you.
You barely miss the gnoll.
The gnoll hits you from afar with a halberd!
You die...

Action                   |  1- 3 |  4- 6 || total
-------------------------+-------+-------++-------
Melee: Unarmed           |   104 |    34 ||   138
  Use: Scroll            |       |     1 ||     1
 Stab: Sleeping          |     3 |       ||     3

Vault maps used:
D:1:      minmay_arrival_shoal_huts, grunt_decor_fettered,
          kennysheep_decorative_pillar
D:2:      uniq_iyjb
D:3:      grunt_ministairs_1, minmay_rats_cheese, uniq_terence

Notes
Turn   | Place    | Note
--------------------------------------------------------------
     0 | D:1      | MackTheKnife, the Ghoul Monk, began the quest for the Orb.
     0 | D:1      | Reached XP level 1. HP: 19/19 MP: 1/1
   113 | D:1      | Reached XP level 2. HP: 21/26 MP: 2/2
   233 | D:1      | Reached skill level 5 in Unarmed Combat
   819 | D:2      | Reached XP level 3. HP: 29/31 MP: 3/3
  1059 | D:2      | Noticed Ijyb
  1074 | D:2      | Killed Ijyb
  1253 | D:2      | Reached skill level 6 in Unarmed Combat
  1253 | D:2      | Reached XP level 4. HP: 34/36 MP: 3/3
  1714 | D:3      | Slain by a gnoll

Vanquished Creatures
  Ijyb (D:2)
  A gnoll (D:3)
  2 adders (D:2)
  3 giant cockroaches
  4 hobgoblins
  6 jackals
  5 kobolds
  A quokka (D:2)
  4 bats
  A giant gecko (D:1)
  2 giant newts
  5 goblins (D:2)
  7 rats
42 creatures vanquished.
